 Dungeon Crawl Stone Soup version 0.30-a0-1157-g2cc9ac7196 (webtiles) character file.

Game seed: 9723740327184125688

91 hwolsky the Trooper (level 4, -9/41 HPs)
             Began as a Minotaur Fighter on Apr 24, 2023.
             Mangled by Zvl3's ghost (15 damage)
             ... on level 3 of the Dungeon.
             The game lasted 00:05:56 (2176 turns).

hwolsky the Trooper (Minotaur Fighter)              Turns: 2176, Time: 00:05:57

Health: -9/41      AC:  9    Str: 22    XL:     4   Next: 34%
Magic:  3/3        EV:  9    Int:  5    God:
Gold:   190        SH:  4    Dex: 10    Spells: 3/3 levels left

rFire   . . .        a - +1 war axe
rCold   . . .        c - +0 buckler
rNeg    . . .        b - +0 scale mail
rPois   .            (helmet restricted)
rElec   .            (no cloak)
rCorr   .            g - +1 pair of gloves
SInv    .            (no boots)
Will    .....        (no amulet) Stlth
                     (no ring)
HPRegen 0.26/turn    (no ring)
MPRegen 0.08/turn

%: no passive effects
@: mighty
A: horns 2, retaliatory headbutt
a: no special abilities


You were on level 3 of the Dungeon.
You visited 1 branch of the dungeon, and saw 3 of its levels.

You collected 190 gold pieces.

Inventory:

Hand Weapons
 a - a +1 war axe (weapon)
Missiles
 h - 3 javelins (quivered)
Armour
 b - a +0 scale mail (worn)
 c - a +0 buckler (worn)
 g - a +1 pair of gloves (worn)
Wands
 l - a wand of polymorph (10)
Scrolls
 j - 2 scrolls of fog
Potions
 d - a potion of might
 e - 3 potions of curing
 f - 2 potions of brilliance {unknown}
 i - a potion of haste {unknown}
 k - a potion of degeneration {unknown}
 m - a potion of invisibility {unknown}
 n - a potion of attraction {unknown}
 p - a potion of mutation {unknown}


   Skills:
 + Level 4.3 Fighting
 * Level 4.0 Axes
 + Level 4.2 Armour
 + Level 4.2 Shields


You had 3 spell levels left.
You didn't know any spells.
Your spell library contained the following spells:

 Spells                   Type           Power      Damage    Failure   Level
 Blink                    Tloc           0%         N/A       94%         2
 Lesser Beckoning         Tloc           0%         N/A       94%         2
 Momentum Strike          Conj/Tloc      0%         3d8       94%         2
 Scorch                   Fire           0%         2d5       94%         2
 Dazzling Flash           Conj/Hex       0%         N/A       99%         3
 Frozen Ramparts          Ice            0%         1d1       99%         3
 Flame Wave               Conj/Fire      0%         2d4       100%        4
 Ice Form                 Ice/Tmut       0%         N/A       100%        4
 Summon Ice Beast         Ice/Summ       0%         N/A       100%        4
 Agony                    Necr           0%         N/A       100%        5
 Silence                  Hex/Air        0%         N/A       100%        5
 Summon Cactus Giant      Summ           0%         N/A       100%        6


Dungeon Overview and Level Annotations

Branches:
Dungeon (3/15)

Altars:
Xom

Annotations:
D:3 Zvl3's ghost, amateur TrFi


Innate Abilities, Weirdness & Mutations

You have a pair of horns on your head.
You reflexively headbutt those who attack you in melee.


Message History

Zvl3's ghost hits you but does no damage.
You barely miss Zvl3's ghost. Zvl3's ghost closely misses you.
You hit Zvl3's ghost.
Zvl3's ghost is lightly damaged.
Zvl3's ghost closely misses you. You furiously retaliate!
You headbutt Zvl3's ghost! You barely miss Zvl3's ghost.
You headbutt Zvl3's ghost.
Zvl3's ghost is moderately damaged.
Zvl3's ghost hits you but does no damage.
Zvl3's ghost hits you!
You hit Zvl3's ghost but do no damage. You headbutt Zvl3's ghost.
Zvl3's ghost is heavily damaged.
Zvl3's ghost hits you.
You hit Zvl3's ghost but do no damage.
Zvl3's ghost is heavily damaged.
Zvl3's ghost completely misses you.
You slash Zvl3's ghost!
Zvl3's ghost is heavily damaged.
Zvl3's ghost hits you.
Zvl3's ghost hits you but does no damage.
You feel very mighty all of a sudden.
Zvl3's ghost hits you but does no damage.
You hit Zvl3's ghost.
Zvl3's ghost is heavily damaged.
Zvl3's ghost barely misses you.
You slash Zvl3's ghost!
Zvl3's ghost is severely damaged.
Zvl3's ghost hits you!
You barely miss Zvl3's ghost.
Zvl3's ghost is severely damaged.
Zvl3's ghost wails.
Zvl3's ghost hits you!
* * * LOW HITPOINT WARNING * * *
Zvl3's ghost closely misses you.
You feel better. Zvl3's ghost hits you!
* * * LOW HITPOINT WARNING * * *
You barely miss Zvl3's ghost.
Zvl3's ghost is severely damaged.
Zvl3's ghost hits you!
You die...

...#####.#####.......#########.#
..........................>....#
##.#.....#####.......#####.#####
...#####.# #####.### #.#
########.# #.# #.# .........##
#.# #.# ########..### #.## #.#
#########...######K.######.#
.............)#.@WKK....##.#
............#...##'''##.##.#
............##.##K....####.#
............####..#.#.P# #.#
...............#8.#.#.8# #.#
....)..........#..#.#.P# #.#
...............##.....## #.#
................##.?.## #.#
.................#### #.#


You could see a kobold brigand, Zvl3's ghost and 3 kobolds.

Vanquished Creatures
  3 adders
  2 worms (D:2)
  3 dart slugs
  2 orcs (D:3)
  2 endoplasms (D:1)
  3 giant cockroaches
  4 goblins
  3 hobgoblins
  3 jackals (D:1)
  6 kobolds
  3 quokkas (D:1)
  8 ball pythons
  3 bats
  2 frilled lizards
  4 rats
51 creatures vanquished.

Vanquished Creatures (others)
  2 plants (D:3)
2 creatures vanquished.

Grand Total: 53 creatures vanquished

Notes
Turn   | Place    | Note
-------+----------+-------------------------------------------
     0 | D:1      | hwolsky the Minotaur Fighter began the quest for the Orb.
     0 | D:1      | Reached XP level 1. HP: 19/19 MP: 0/0
   294 | D:1      | Reached XP level 2. HP: 26/27 MP: 1/1
   903 | D:2      | Reached XP level 3. HP: 33/33 MP: 2/2
  1513 | D:2      | Found a shimmering altar of Xom.
  1639 | D:3      | Reached XP level 4. HP: 40/40 MP: 3/3
  1977 | D:3      | Identified the staff of earth "Ekoifok" {rF- rC+++ Dex-4}
  2051 | D:3      | Found a runed translucent gate.
  2051 | D:3      | Found a runed translucent gate.
  2052 | D:3      | Noticed a kobold brigand
  2053 | D:3      | Found a runed translucent gate.
  2053 | D:3      | Noticed Zvl3's ghost (amateur TrFi)
  2176 | D:3      | Mangled by Zvl3's ghost

Illustrated notes

Levels and vault maps discovered:
D:1:      nzn_arrival_settlement, layout_basic, minmay_misc_feat_room,
          minmay_misc_feat_nine_boxes, minmay_crystal_room
D:2:      layout_basic, basic_altar, kennysheep_flooded_box
D:3:      layout_basic, gammafunk_ghost_nasty_kobolds

Skill      XL: |  1  2  3  4 |
---------------+-------------+-----
Axes           | 3 4 |  4.0
Fighting       | 4 |  4.3
Shields        | 4 |  4.2
Armour         | 4 |  4.2

Action                     |  1- 3 |  4- 6 || total
---------------------------+-------+-------++-------
  Melee: War axe           |    73 |    34 ||   107
         Headbutt          |     3 |     6 ||     9
    Use: Scroll            |     5 |     4 ||     9
         Potion            |       |     2 ||     2
 Armour: Scale mail        |    30 |    11 ||    41
  Dodge: Dodged            |    23 |    13 ||    36
  Block: Buckler           |    13 |     4 ||    17

Table legend: (Time is in decaauts)
 A = Elapsed time spent in this place.
 B = Non-inter-level travel time spent in this place.
 C = Inter-level travel time spent in this place.
 D = Time resting spent in this place.
 E = Time spent auto-exploring this place.
 F = Levels seen in this place.
 G = Mean time per level.
                   A        B        C        D        E       F      G
               +--------+--------+--------+--------+--------+-----+--------+
         Total |   2213 |   2176 |     37 |      0 |   1661 |   3 |  737.7 |
       Dungeon |   2213 |   2176 |     37 |      0 |   1661 |   3 |  737.7 |
               +--------+--------+--------+--------+--------+-----+--------+

Top non-repeatable levels by time:
     D:1: 882 daAuts
     D:2: 743 daAuts
     D:3: 588 daAuts
